 Dungeon Crawl Stone Soup version 0.30-a0-57-g8b159a9891 (webtiles) character file.

Game seed: 8909514347244175105

389 sakurabyss the Slasher (level 6, -1/53 HPs)
             Began as a Draconian Berserker on Sept 11, 2022.
             Was a Believer of Trog.
             Killed by an exploding Dowan (25 damage)
             ... ignited by their inner flame
             ... on level 4 of the Dungeon.
             The game lasted 00:20:12 (3624 turns).

sakurabyss the Slasher (Draconian Berserker)        Turns: 3624, Time: 00:20:13

Health: -1/53      AC:  8    Str: 22    XL:     6   Next: 49%
Magic:  6/6        EV: 13    Int:  7    God:    Trog [**....]
Gold:   214        SH:  0    Dex: 16    Spells: 5/5 levels left

rFire   . . .      SeeInvis .    a - +0 falchion (venom)
rCold   . . .      Faith    .    (no shield)
rNeg    . . .      Spirit   .    (body armour unavailable)
rPois   .          Reflect  .    (helmet restricted)
rElec   .          Harm     .    (no cloak)
rCorr   .          Rampage  .    q - +0 pair of gloves
Will    +....                    A - +0 pair of boots
Stlth   ++........               (no amulet)
HPRegen 0.17/turn                j - ring of willpower
MPRegen 0.10/turn                v - +6 ring of dexterity

@: on berserk cooldown, slowed, very slow
A: AC +6, unfitting armour, cold-blooded
a: Renounce Religion, Berserk, Trog's Hand


You were on level 4 of the Dungeon.
You worshipped Trog.
Trog was pleased with you.
You visited 1 branch of the dungeon, and saw 4 of its levels.

You collected 214 gold pieces.

Inventory:

Hand Weapons
 a - a +0 falchion of venom (weapon)
 d - a +0 short sword
 f - a +0 dagger
 l - a +0 spear
 p - a +0 spear
 z - a +0 hand axe
 K - a +0 whip
 N - a +0 mace
 P - a +0 short sword
 U - a +0 dagger
 V - the +6 whip of Intimidation {antimagic, SInv}
   (You found it on level 3 of the Dungeon)

   It reduces the magical energy of the wielder, and disrupts the spells and
   magical abilities of those it strikes.
   Natural abilities and divine invocations are not affected.
   SInv:      It lets you see invisible.
Missiles
 g - 19 stones
 k - 3 javelins (quivered)
 m - a throwing net
 L - 12 poisoned darts
Armour
 h - a +0 scale mail
 i - a +0 helmet
 q - a +0 pair of gloves (worn)
 r - a +0 scale mail
 s - a +0 scale mail
 t - a +0 leather armour
 u - a +0 ring mail
 w - a +0 ring mail
 A - a +0 pair of boots (worn)
Magical Staves
 e - a staff of cold
 x - a staff of cold
Jewellery
 c - an amulet of faith
 j - a ring of willpower (left hand)
 v - a +6 ring of dexterity (right hand)
 S - a +6 ring of dexterity
Wands
 Q - a wand of quicksilver (1)
 R - a wand of flame (9)
Scrolls
 n - 3 scrolls of fear
 o - 2 scrolls of teleportation
 D - a scroll of summoning
 G - a scroll of poison
 J - a scroll of amnesia {unknown}
 T - a scroll of acquirement {unknown}
 W - a scroll of blinking {unknown}
 X - a scroll of magic mapping {unknown}
 Z - a scroll of enchant weapon {unknown}
Potions
 b - 4 potions of curing
 B - a potion of cancellation {unknown}
 C - a potion of degeneration {unknown}
 E - a potion of heal wounds {unknown}
 F - a potion of mutation {unknown}
 H - 2 potions of flight {unknown}
 Y - a potion of brilliance {unknown}


   Skills:
 + Level 4.5 Fighting
 + Level 5.7 Long Blades
 + Level 1.1 Throwing
 + Level 3.8 Dodging
 + Level 0.9 Stealth


You had 5 spell levels left.
You didn't know any spells.
Your spell library contained the following spells:

 Spells                   Type           Power      Damage    Failure   Level
 Magic Dart               Conj           0%         1d3       43%         1
 Searing Ray              Conj           0%         2d4       56%         2
 Fulminant Prism          Conj/Hex       0%         3d6       99%         4


Dungeon Overview and Level Annotations

Branches:
Dungeon (4/15)
 Temple: D:4-7

Altars:
Cheibriados
Makhleb


Innate Abilities, Weirdness & Mutations

Your plain brown scales are hard. (AC +6)
You cannot fit into any form of body armour.
You are cold-blooded and may be slowed by cold attacks.


Message History

You feel sick. Dowan closely misses you.
Your Throwing skill increases to level 1!
You barely miss Dowan.
You feel sick.
Dowan gestures wildly while chanting.
Dowan blinks!
Found 5 boomerangs.
Things that are here:
a +2 dire flail of venom; a +3 chain mail of cold resistance; the human corpse of Edmund
Okay, then.
Found a scroll of brand weapon.
You feel a strong urge to attack something.
You are no longer berserk.
You are exhausted.
You feel yourself slow down.
You feel sick.
Things that are here:
a +0 short sword; a +0 ring mail; the elf corpse of Duvessa You feel sick.
You are no longer poisoned.
Dowan casts a spell.
Dowan blinks!
Dowan is nearby!
Dowan gestures wildly while chanting.
Dowan blinks!
You see here 14 gold pieces.
You now have 214 gold pieces (gained 14).
As you read the scroll of immolation, it crumbles to dust.
The creatures around you are filled with an inner flame!
Dowan hits you but does no damage.
You closely miss Dowan. Your punch misses Dowan.
Dowan points at you and mumbles some strange words.
The stone arrow hits you. Dowan hits you but does no damage.
You hit Dowan.
Flame seeps out of Dowan.
Dowan is moderately wounded.
Dowan is engulfed in blazing flames.
Flame seeps out of Dowan.
Dowan hits you with a +0 dagger.
Dowan is engulfed in blazing flames.
Trog accepts your kill.
Trog appreciates your killing of a magic user.
Dowan explodes!
The fiery explosion engulfs you!!
You die...

##########. #..(.......
#.......... #.......(..
#.......... #..........
######@.........
#....§○§)#####
#....§...#
#........##############
#..................#...
.....####.#########.#.##
....? #.#.......#.#.##
..... .........>.#†...#
.... ##.######..#....#


There were no monsters in sight!

Vanquished Creatures
  Edmund (D:4)
  Duvessa (D:4)
  Dowan (D:4)
  An iguana (D:4)
  Natasha (thrice) (D:2)
  A worm (D:3)
  A dart slug (D:2)
  6 ball pythons
  5 endoplasms
  3 giant cockroaches (D:1)
  6 goblins
  6 hobgoblins
  3 jackals (D:3)
  2 quokkas
  7 bats
  2 frilled lizards (D:1)
  2 kobolds
  6 rats
57 creatures vanquished.

Notes
Turn   | Place    | Note
-------+----------+-------------------------------------------
     0 | D:1      | sakurabyss the Draconian Berserker began the quest for the
                  | Orb.
     0 | D:1      | Reached XP level 1. HP: 19/19 MP: 1/1
   116 | D:1      | Found a faded altar of an unknown god.
   390 | D:1      | Reached XP level 2. HP: 26/26 MP: 2/2
  1532 | D:2      | Reached XP level 3. HP: 33/33 MP: 3/3
  1627 | D:2      | Noticed Natasha
  1633 | D:2      | Killed Natasha
  1718 | D:2      | Found a snail-covered altar of Cheibriados.
  1886 | D:2      | Noticed Natasha
  1892 | D:2      | Killed Natasha
  1893 | D:2      | Reached skill level 4 in Long Blades
  1893 | D:2      | Reached XP level 4. HP: 32/40 MP: 4/4
  1946 | D:2      | Noticed Natasha
  1953 | D:2      | Killed Natasha
  1953 | D:2      | Reached ** piety under Trog
  2444 | D:3      | Identified the +6 whip of Intimidation {antimagic, SInv}
  2562 | D:3      | Found a burning altar of Makhleb.
  3513 | D:4      | Reached XP level 5. HP: 35/46 MP: 5/5
  3598 | D:4      | Noticed Edmund
  3601 | D:4      | Noticed Dowan
  3601 | D:4      | Noticed Duvessa
  3608 | D:4      | Killed Edmund
  3609 | D:4      | Reached skill level 5 in Long Blades
  3609 | D:4      | Reached XP level 6. HP: 53/53 MP: 6/6
  3615 | D:4      | Killed Duvessa
  3616 | D:4      | Reached skill level 1 in Throwing
  3624 | D:4      | Killed Dowan
  3624 | D:4      | Killed by an exploding Dowan... ignited by their inner
                  | flame

Illustrated notes

Levels and vault maps discovered:
D:1:      mrwooster_arrival_statue_3, layout_loops_ring,
          shapermc_ecumenical_altar_starsandcircs, minmay_misc_feat_tower,
          nicolae_concentric_dashed_squares_wild, minmay_octomino_e4
D:2:      layout_rooms, basic_altar, uniq_natasha
D:3:      layout_basic, old_standard_altar
D:4:      layout_basic, mainiacjoe_overflow_divided_tiny, minmay_misc_feat_room,
          uniq_duvessa, uniq_edmund

Skill      XL: |  1  2  3  4  5  6 |
---------------+-------------------+-----
Dodging        | 3 |  3.8
Fighting       | 4 |  4.5
Long Blades    | 4 5 |  5.7
Throwing       | 1 |  1.1
Stealth        | |  0.9

Action                   |  1- 3 |  4- 6 || total
-------------------------+-------+-------++-------
Melee: Falchion          |    95 |    71 ||   166
       Tailslap          |     8 |    12 ||    20
       Punch             |     2 |     1 ||     3
Throw: Stone             |       |     4 ||     4
       Dart              |       |     3 ||     3
       Javelin           |       |     4 ||     4
Invok: Berserk           |     2 |     2 ||     4
  Use: Scroll            |     5 |     4 ||     9
Armor: Skin              |    55 |    17 ||    72
Dodge: Dodged            |   110 |    37 ||   147

Table legend: (Time is in decaauts)
 A = Elapsed time spent in this place.
 B = Non-inter-level travel time spent in this place.
 C = Inter-level travel time spent in this place.
 D = Time resting spent in this place.
 E = Time spent auto-exploring this place.
 F = Levels seen in this place.
 G = Mean time per level.
                   A        B        C        D        E       F      G
               +--------+--------+--------+--------+--------+-----+--------+
         Total |   3683 |   3683 |      0 |   1026 |    992 |   4 |  920.8 |
       Dungeon |   3683 |   3683 |      0 |   1026 |    992 |   4 |  920.8 |
               +--------+--------+--------+--------+--------+-----+--------+

Top non-repeatable levels by time:
     D:1: 1426 daAuts
     D:3: 1311 daAuts
     D:2: 719 daAuts
     D:4: 226 daAuts
